 Dungeon Crawl Stone Soup version bcrawl-1.12-10-g10a67aac0f (webtiles) character file.

Game seed: 17035428996687165554

6461 Gumption the Covert (level 10, -2/69 HPs)
             Began as a Dusk Walker Archaeologist on June 12, 2019.
             Was a Priest of Dithmenos.
             Killed from afar by a manticore (13 damage)
             ... with a volley of spikes
             ... on level 9 of the Dungeon on June 13, 2019.
             The game lasted 00:49:16 (8611 turns).

Gumption the Covert (Dusk Walker Archaeologist)     Turns: 8611, Time: 00:49:16

Health: -2/69      AC: 16    Str: 13    XL:     10   Next: 68%
Magic:  20/20      EV: 13    Int: 15    God:    Dithmenos [***...]
Gold:   573        SH:  7    Dex: 13    Spells: 14/22 levels left

rFire    . . .     SeeInvis .   a - +3 dagger (elec)
rCold    . . .     Gourm    +   K - +2 buckler
rNeg     . . .     Faith    .   m - +0 ring mail
rPois    .         Spirit   .   j - +2 helmet
rElec    .         Reflect  .   w - +2 cloak
rCorr    +         Harm     .   d - +2 pair of gloves
MR       +....                  c - +1 pair of boots
Stlth    +++++++...             s - amulet of the gourmand
HPRegen  0.21/turn              q - ring of resist corrosion
MPRegen  0.17/turn              (no ring)

@: about to teleport, barbed spikes, wreathed by umbra
A: draining touch, unencumbered stealth, fangs 3, nightstalker 1
a: Shadow Step, Renounce Religion


You were on level 9 of the Dungeon.
You worshipped Dithmenos.
Dithmenos was most pleased with you.
You were completely stuffed.

You visited 2 branches of the dungeon, and saw 10 of its levels.
You also visited: Ossuary.

You collected 573 gold pieces.

Inventory:

Hand Weapons
 a - a +3 dagger of electrocution (weapon)
 b - a +0 hunting sling
 f - the +6 Majin-Bo {vamp, Archmagi MP+6 Int+6}

   It inflicts no extra harm, but heals its wielder when it wounds a living foe.
   It affects your intelligence (+6).
   It affects your magic capacity (+6).
Missiles
 n - 1654 stones
 D - 77 tomahawks (quivered)
 P - 168 sling bullets
Armour
 c - a +1 pair of boots (worn)
 d - a +2 pair of gloves (worn)
 j - a +2 helmet (worn)
 m - a +0 ring mail (worn)
 w - a +2 cloak (worn)
 K - a +2 buckler (worn)
Jewellery
 q - a ring of resist corrosion (left hand)
 s - an amulet of the gourmand (around neck)
Wands
 x - a wand of polymorph (9)
 C - a wand of scattershot (4)
 F - a wand of digging (10)
 L - a wand of flame (25)
 N - a wand of random effects (6)
Scrolls
 h - 2 scrolls of teleportation
 r - 3 scrolls of fog
 t - 5 scrolls of remove curse
 y - 2 scrolls of magic mapping {unknown}
 B - 3 scrolls of enchant armour
 H - a scroll of immolation {unknown}
 I - a scroll of blinking {unknown}
 J - 3 scrolls of identify
 M - a scroll of fear {unknown}
 O - a scroll of enchant weapon
Potions
 i - 3 potions of might
 k - 2 potions of berserk rage
 l - 8 potions of heal wounds
 o - 2 potions of flight
 p - 7 potions of curing {unknown}
 u - 3 potions of agility
 v - 2 potions of brilliance {unknown}
 z - a potion of mutation {unknown}
 A - a potion of invisibility {unknown}
 E - 2 potions of degeneration {unknown}
 G - 2 potions of lignification {unknown}
Comestibles
 e - 14 rations {!d}
 g - 8 chunks of flesh


   Skills:
 + Level 6.6 Fighting
 * Level 7.6 Short Blades
 + Level 6.2 Dodging
 + Level 11.0 Stealth
 - Level 4.0 Shields
 + Level 6.7 Spellcasting
 * Level 4.4 Hexes
 - Level 5.0 Ice Magic


You had 14 spell levels left.
You knew the following spells:

 Your Spells              Type           Power        Failure   Level  Hunger
a - Ensorcelled Hibernat  Hex/Ice        ###...       6%          2    None
b - Confuse               Hex            ###.....     14%         3    ##.....
c - Tukima's Dance        Hex            ###.....     14%         3    ##.....

Your spell library contained the following spells:

 Spells                   Type           Power        Failure   Level  Hunger
 Corona                   Hex            ###....      4%          1    None
 Dazzling Spray           Conj/Hex       ##....       36%         3    ##.....


Dungeon Overview and Level Annotations

Branches:
Dungeon (9/12)             Temple (1/1) D:5
   Lair: D:7-10         Orc: D:8-11

Altars:
Ashenzari
Cheibriados
Dithmenos
Elyvilon
Fedhas
Gozag
Hepliaklqana
Kikubaaqudgha
Lugonu
Makhleb
Nemelex Xobeh
Okawaru
Qazlal
Ru
Sif Muna
Trog
Uskayaw
Vehumet
Wu Jian
Xom
Yredelemnul
Zin
The Shining One


Innate Abilities, Weirdness & Mutations

Your attacks drain your enemies.
You move stealthily even while encumbered by armour.
You have razor-sharp teeth.
You are slightly more attuned to the shadows.


Message History

As you read the scroll of teleportation, it crumbles to dust.
You feel strangely unstable.
Things that are here:
a cursed +4 spear; a +0 robe Your surroundings suddenly seem different.
The yaktaur wields a +0 arbalest.
The yaktaur shoots a bolt.
You block the bolt.
As you read the scroll of teleportation, it crumbles to dust.
You feel strangely unstable.
The cyclops throws a large rock.
The large rock barely misses you.
The manticore flicks its tail.
The volley of spikes misses you.
The orc knight hits you from afar with a +3 bardiche of pain!
* * * LOW HITPOINT WARNING * * *
You writhe in agony.
* * * LOW HITPOINT WARNING * * *
The manticore flicks its tail.
The volley of spikes hits you!
The barbed spikes become lodged in your body.
You die...

#.....# #........#
####.## #######'##
###.# ####Q..##
#>..# #..H.#..##
#.### ###.Q####..##
#.# #...........#
##'### #.####.####.#
#....# #
#.....$.#$.#
'....####.#....Z@.#
.#
#....'....#...o...#
.#
#....####.....8.....
# #....#
#.#...HC..#..#
##+###
#.#....c..#..#
#.......# ##
####.####


You could see an orc knight, a tengu warrior (wandering), a manticore, a
cyclops, a yaktaur and a howler monkey skeleton.

Vanquished Creatures
  Erolcha (D:9)
  Joseph (D:9)
  A troll (D:9)
  2 hippogriffs
  Sigmund (D:3)
  4 yaks
  A wraith (D:9)
  A vampire (D:8)
  3 hogs (D:8)
  A human (D:8)
  Menkaure (Ossuary)
  2 orc warriors
  A sky beast (D:4)
  2 ice beasts
  3 black bears
  A meliai simulacrum (D:9)
  2 necrophages
  2 ogres
  A crocodile (D:9)
  A big kobold (D:8)
  3 bullfrogs
  2 wyvern skeletons
  A scorpion (D:7)
  6 wights (D:9)
  3 howler monkeys (D:8)
  3 crimson imps
  4 hounds
  2 centaur zombies
  2 bullfrog skeletons
  A bullfrog zombie (D:6)
  2 jellies
  Crazy Yiuf (D:2)
  3 centaur skeletons
  Ijyb (D:3)
  Jessica (D:2)
  2 iguanas
  3 orc wizards
  3 worker ants
  A killer bee zombie (D:5)
  2 hound skeletons
  3 mummies (Ossuary)
  Robin (D:2)
  3 gnolls (D:4)
  8 adders
  An ooze (D:4)
  2 adder skeletons
  6 worms
  3 dart slugs
  8 leopard geckos
  22 orcs
  2 ball pythons
  A giant cockroach (D:3)
  2 gnoll zombies (Ossuary)
  17 goblins
  9 hobgoblins
  8 jackals
  3 quokkas
  3 bats
  4 frilled lizards
  A gnoll skeleton (Ossuary)
  4 goblin skeletons (Ossuary)
  2 goblin zombies (Ossuary)
  2 hobgoblin skeletons (Ossuary)
  2 hobgoblin zombies (Ossuary)
  A jackal skeleton (D:8)
  6 kobolds
  4 kobold skeletons (Ossuary)
  3 kobold zombies (Ossuary)
  2 orc skeletons (Ossuary)
  4 orc zombies (Ossuary)
  3 rats (D:1)
  5 rat skeletons (Ossuary)
  A rat zombie (Ossuary)
224 creatures vanquished.

Vanquished Creatures (others)
  2 goblin skeletons (Ossuary)
  2 goblin zombies (Ossuary)
  2 hobgoblin skeletons (Ossuary)
  2 hobgoblin zombies (Ossuary)
  A kobold zombie (Ossuary)
  3 orc skeletons (Ossuary)
  5 orc zombies (Ossuary)
  A rat zombie (Ossuary)
18 creatures vanquished.

Grand Total: 242 creatures vanquished

Notes
Turn   | Place    | Note
-------+----------+-------------------------------------------
     0 | D:1      | Gumption the Dusk Walker Archaeologist began the quest for
                  | the Orb.
     0 | D:1      | Reached XP level 1. HP: 13/13 MP: 1/1
   201 | D:1      | Reached skill level 5 in Stealth
   376 | D:1      | Reached XP level 2. HP: 18/18 MP: 2/2
   781 | D:2      | Reached XP level 3. HP: 16/24 MP: 3/3
   964 | D:2      | Reached skill level 6 in Stealth
  1091 | D:2      | Noticed Robin
  1112 | D:2      | Killed Robin
  1191 | D:2      | Noticed Jessica
  1199 | D:2      | Killed Jessica
  1199 | D:2      | Gained mutation: You are slightly more attuned to the
                  | shadows. [Dusk Walker growth]
  1199 | D:2      | Reached XP level 4. HP: 18/31 MP: 4/4
  1667 | D:2      | Reached skill level 7 in Stealth
  1744 | D:2      | Found a runed door.
  1906 | D:2      | Noticed Crazy Yiuf
  1910 | D:2      | Killed Crazy Yiuf
  1910 | D:2      | Reached XP level 5. HP: 36/36 MP: 5/5
  1976 | D:3      | Noticed Sigmund
  1982 | D:3      | Killed Sigmund
  1982 | D:3      | Reached XP level 6. HP: 35/43 MP: 5/9
  2382 | D:3      | Found an opulent altar of Gozag.
  2476 | D:3      | Reached skill level 8 in Stealth
  2554 | D:3      | Noticed Ijyb
  2623 | D:3      | Killed Ijyb
  2888 | D:4      | Noticed a sky beast
  2893 | D:4      | Killed a sky beast
  2893 | D:4      | Reached XP level 7. HP: 49/49 MP: 10/12
  3094 | D:4      | Reached skill level 1 in Short Blades
  3151 | D:4      | Reached skill level 9 in Stealth
  3635 | D:5      | Entered Level 5 of the Dungeon
  3638 | D:5      | Found a staircase to the Ecumenical Temple.
  3653 | Temple   | Entered the Ecumenical Temple
  3965 | Temple   | Became a worshipper of Dithmenos the Shadowed
  4243 | D:5      | Learned a level 2 spell: Ensorcelled Hibernation
  4589 | D:5      | Reached skill level 5 in Fighting
  4589 | D:5      | Gained mutation: You have razor-sharp teeth. [Dusk Walker
                  | growth]
  4589 | D:5      | Reached XP level 8. HP: 55/55 MP: 14/14
  4992 | D:5      | Reached skill level 1 in Ice Magic
  5144 | D:6      | Found a sand-covered staircase.
  5209 | Ossuary  | Entered an ossuary
  5275 | Ossuary  | Reached * piety under Dithmenos
  5461 | Ossuary  | Noticed Menkaure
  5475 | Ossuary  | Killed Menkaure
  5475 | Ossuary  | Reached skill level 1 in Hexes
  5546 | D:6      | Learned a level 3 spell: Confuse
  5550 | D:6      | Learned a level 3 spell: Tukima's Dance
  5570 | D:6      | Noticed a hippogriff
  5576 | D:6      | Killed a hippogriff
  5627 | D:6      | Reached ** piety under Dithmenos
  5629 | D:6      | Reached skill level 5 in Spellcasting
  5848 | D:6      | Reached skill level 5 in Dodging
  6094 | D:7      | Found a sparkling altar of Nemelex Xobeh.
  6100 | D:7      | Found a glowing silver altar of Zin.
  6103 | D:7      | Found a shimmering altar of Xom.
  6309 | D:7      | Found a stormy altar of Qazlal.
  6311 | D:7      | Found a snail-covered altar of Cheibriados.
  6564 | D:7      | Reached XP level 9. HP: 55/61 MP: 17/17
  6575 | D:7      | Found a burning altar of Makhleb.
  6701 | D:8      | Reached skill level 5 in Short Blades
  6701 | D:8      | Reached skill level 1 in Shields
  6812 | D:8      | Reached skill level 10 in Stealth
  7235 | D:8      | Reached *** piety under Dithmenos
  7870 | D:9      | Noticed a cyclops
  7895 | D:9      | Reached skill level 5 in Ice Magic
  7895 | D:9      | Reached XP level 10. HP: 51/68 MP: 19/19
  8260 | D:9      | Noticed Joseph
  8278 | D:9      | Killed Joseph
  8503 | D:9      | Noticed Erolcha
  8509 | D:9      | Killed Erolcha
  8542 | D:9      | Reached skill level 11 in Stealth
  8578 | D:9      | Noticed a tengu warrior
  8578 | D:9      | Noticed an orc knight
  8580 | D:9      | Noticed a rakshasa
  8580 | D:9      | Noticed a manticore
  8580 | D:9      | Noticed a tengu warrior
  8611 | D:9      | Killed from afar by a manticore

Skill      XL: |  1  2  3  4  5  6  7  8  9 10 |
---------------+-------------------------------+-----
Stealth        | 5 6 7 8 9 10 11 | 11.0
Fighting       | 2 3 4 5 6 |  6.6
Spellcasting   | 2 3 4 5 6 |  6.7
Dodging        | 4 5 6 |  6.2
Short Blades   | 3 4 6 7 |  7.6
Ice Magic      | 3 5 |  5.0
Hexes          | 2 3 4 |  4.4
Shields        | 3 4 |  4.0

Action                   |  1- 3 |  4- 6 |  7- 9 | 10-12 || total
-------------------------+-------+-------+-------+-------++-------
Melee: Unarmed           |    31 |       |       |       ||    31
       Mace              |    73 |       |       |       ||    73
       Bite              |     3 |     4 |    33 |    14 ||    54
       Dagger            |     8 |    37 |   417 |   104 ||   566
       Quarterstaff      |       |    55 |       |       ||    55
 Fire: Hunting sling     |    16 |     3 |       |     2 ||    21
 Cast: Ensorcelled Hiber |       |       |       |     3 ||     3
Evoke: Wand              |       |       |     2 |       ||     2
  Use: Scroll            |     2 |     3 |     7 |     2 ||    14
 Stab: Sleeping          |     8 |    17 |    26 |     8 ||    59
       Distracted        |       |       |     1 |       ||     1
  Eat: Chunk             |     1 |     8 |    24 |     3 ||    36
Armor: Robe              |    31 |    21 |    20 |       ||    72
       Ring mail         |       |       |   121 |    30 ||   151
Dodge: Dodged            |    75 |    43 |   220 |    60 ||   398
Block: Buckler           |       |       |    45 |    37 ||    82
